 Dungeon Crawl Stone Soup version 0.24.1-14-gf8d2b509d9 (webtiles) character file.

Game seed: 14438693257980558795, levelgen mode: deterministic

998 KlarStein the Slasher (level 8, 60/62 HPs)
             Began as a Demonspawn Berserker on Dec 11, 2020.
             Was an Elder of Trog.
             Quit the game on level 5 of the Dungeon.
             The game lasted 00:14:17 (3679 turns).

KlarStein the Slasher (Demonspawn Berserker)        Turns: 3679, Time: 00:14:17

Health: 60/62      AC: 13    Str: 17    XL:     8   Next: 0%
Magic:  17/17      EV: 12    Int:  9    God:    Trog [****..]
Gold:   577        SH:  0    Dex: 15    Spells: 7/7 levels left

rFire    . . .     SeeInvis .   A - +0 double sword (protect)
rCold    . . .     Gourm    .   (no shield)
rNeg     . . .     Faith    .   q - +0 scale mail
rPois    .         Spirit   .   (no helmet)
rElec    .         Reflect  .   k - +2 cloak
rCorr    .         Harm     .   l - +0 pair of gloves
MR       .....                  (no boots)
Stlth    +.........             (no amulet)
HPRegen  0.20/turn              b - ring of magical power
MPRegen  0.15/turn              (no ring)

@: berserk cooldown, slowed, very slow
A: hooves 2, thin metallic scales 1, nightstalker 1, rot immunity
a: Berserk, Trog's Hand, Brothers in Arms, Renounce Religion


You were on level 5 of the Dungeon.
You worshipped Trog.
Trog was greatly pleased with you.
You were not hungry.

You visited 1 branch of the dungeon, and saw 5 of its levels.

You collected 577 gold pieces.

Inventory:

Hand Weapons
 a - a +0 falchion
 f - a +4 dagger
 x - a +0 long sword
 A - a +0 double sword of protection (weapon)
Missiles
 r - 29 poisoned darts (quivered)
Armour
 k - a +2 cloak (worn)
 l - a +0 pair of gloves (worn)
 q - a +0 scale mail (worn)
Jewellery
 b - a ring of magical power (left hand)
Wands
 m - a wand of clouds (6)
 y - a wand of digging (6)
Scrolls
 e - 3 scrolls of blinking
 h - 3 scrolls of remove curse
 i - a scroll of fear
 p - 2 scrolls of teleportation
Potions
 d - a potion of mutation {unknown}
 g - 3 potions of brilliance
 j - a potion of curing
 n - a potion of berserk rage {unknown}
 o - a potion of degeneration {unknown}
 s - a potion of might
 u - 2 potions of flight {unknown}
 v - 2 potions of cancellation
 w - a potion of resistance {unknown}
 z - a potion of heal wounds {unknown}
Comestibles
 c - 5 rations


   Skills:
 + Level 5.1 Fighting
 * Level 6.0 Long Blades
 + Level 4.0 Armour
 + Level 4.1 Dodging


You had 7 spell levels left.
You didn't know any spells.
Your spell library was empty.

Dungeon Overview and Level Annotations

Branches:
Dungeon (5/15)
 Temple: D:4-7

Altars:
Cheibriados
Trog


Innate Abilities, Weirdness & Mutations

You have hoof-like feet.
You are partially covered in thin metallic scales. (AC +2)
You are slightly more attuned to the shadows.
You are immune to rotting.


Message History

You see here a worm corpse.
You slash the shadow imp!
You kill the shadow imp!
Trog accepts your kill.
Your Long Blades skill increases to level 6!
You have reached level 8!
You feel clever.
Your demonic ancestry asserts itself...
You slip into the darkness of the dungeon.
There is a large open door here.
You feel a strong urge to attack something.
You see here a worm corpse.
You butcher the worm corpse.
t - a chunk of flesh Eat a chunk of flesh? (ye/n/q)
You eat the chunk of flesh.
This raw flesh tastes terrible.
You feel your anger nearly subside.
You are no longer berserk.
You are exhausted.
You feel yourself slow down.
There is a large open door here.
Are you sure you want to abandon this character and quit the game? (Confirm with "yes".)

#..#.#.....#
#.#
#..#.#.....#
#..
#..#.###+#.#
###
#........#.#
#######..(#.#
##....##.....#
#......##....#
........##...#
........@..#.#
........'.##...
........###
...# #......##
..># ##....#
.### ##### .#
(#


There were no monsters in sight!

Vanquished Creatures
  An ogre (D:4)
  2 howler monkeys
  A quasit (D:5)
  2 hounds
  A bullfrog skeleton (D:5)
  6 orc priests
  Crazy Yiuf (D:3)
  2 centaur skeletons
  An iguana (D:5)
  3 orc wizards
  Jessica (D:3)
  A worker ant (D:4)
  2 hound skeletons
  8 gnolls
  4 adders
  A shadow imp (D:5)
  3 oozes
  2 worms
  A dart slug (D:3)
  6 leopard geckos
  19 orcs
  7 giant cockroaches
  4 hobgoblins
  15 jackals
  10 kobolds
  2 quokkas
  2 ball pythons (D:4)
  A bat (D:1)
  5 frilled lizards
  9 goblins
  4 rats
127 creatures vanquished.

Notes
Turn   | Place    | Note
-------+----------+-------------------------------------------
     0 | D:1      | KlarStein the Demonspawn Berserker began the quest for the
                  | Orb.
     0 | D:1      | Reached XP level 1. HP: 18/18 MP: 1/1
   251 | D:1      | Gained mutation: You are partially covered in thin metallic
                  | scales. (AC +2) [demonic ancestry]
   251 | D:1      | Reached XP level 2. HP: 21/24 MP: 2/2
   310 | D:1      | Reached skill level 3 in Long Blades
   587 | D:1      | Reached XP level 3. HP: 25/29 MP: 3/3
   852 | D:2      | Reached ** piety under Trog
   954 | D:2      | Found a bloodstained altar of Trog.
   984 | D:2      | Gained mutation: You have large cloven feet. [demonic
                  | ancestry]
   984 | D:2      | Reached XP level 4. HP: 30/35 MP: 4/4
  1414 | D:3      | Noticed Jessica
  1420 | D:3      | Killed Jessica
  1572 | D:3      | Gained mutation: You have hoof-like feet. [demonic
                  | ancestry]
  1572 | D:3      | Reached XP level 5. HP: 38/42 MP: 5/5
  1666 | D:3      | Found a snail-covered altar of Cheibriados.
  1720 | D:3      | Reached skill level 4 in Long Blades
  2077 | D:3      | Found a runed translucent door.
  2078 | D:3      | Noticed Crazy Yiuf
  2155 | D:3      | Killed Crazy Yiuf
  2244 | D:4      | Reached XP level 6. HP: 24/48 MP: 6/6
  2596 | D:4      | Reached *** piety under Trog
  2800 | D:4      | Reached skill level 5 in Long Blades
  2803 | D:4      | Gained mutation: You are immune to rotting. [demonic
                  | ancestry]
  2803 | D:4      | Reached XP level 7. HP: 55/55 MP: 7/7
  2938 | D:5      | Entered Level 5 of the Dungeon
  2985 | D:5      | Identified a scroll of acquirement
  3380 | D:5      | Reached **** piety under Trog
  3608 | D:5      | Reached skill level 5 in Fighting
  3672 | D:5      | Reached skill level 6 in Long Blades
  3672 | D:5      | Gained mutation: You are slightly more attuned to the
                  | shadows. [demonic ancestry]
  3672 | D:5      | Reached XP level 8. HP: 62/62 MP: 8/8
  3679 | D:5      | Quit the game

Levels and vault maps discovered:
D:1:      shiori_arrival_maze, layout_basic, kennysheep_boxes
D:2:      layout_basic, lemuel_crystal_altar
D:3:      layout_loops_ring, lemuel_doored_altar, glass_columns_a,
          minmay_misc_feat_hallway, uniq_crazy_yiuf_cottage, uniq_jessica
D:4:      layout_gridville, first_ration
D:5:      minmay_polygon_palace, layout_basic

Skill      XL: |  1  2  3  4  5  6  7 |
---------------+----------------------+-----
Armour         | 2 3 4 |  4.0
Long Blades    | 3 4 5 6 |  6.0
Dodging        | 2 3 4 |  4.1
Fighting       | 4 5 |  5.1

Action                   |  1- 3 |  4- 6 |  7- 9 || total
-------------------------+-------+-------+-------++-------
Melee: Falchion          |    93 |    10 |       ||   103
       Dagger            |       |   152 |    18 ||   170
       Kick              |       |    46 |    29 ||    75
       Double sword      |       |       |    90 ||    90
Invok: Berserk           |     1 |     5 |     2 ||     8
       Trog's Hand       |       |       |     1 ||     1
  Use: Scroll            |       |    14 |     1 ||    15
 Stab: Sleeping          |     2 |       |       ||     2
  Eat: Chunk             |     1 |    10 |     6 ||    17
Armor: Animal skin       |    12 |       |       ||    12
       Leather armour    |    12 |     2 |       ||    14
       Scale mail        |       |    72 |    67 ||   139
Dodge: Dodged            |    68 |    86 |    67 ||   221
       Rpst.: Falchion   |    22 |     4 |       ||    26
       Double sword      |       |       |     8 ||     8
